 Dungeon Crawl Stone Soup version 0.29.1-1-gd02db6906a (webtiles) character file.

Game seed: 7977015714339293987

19288 Powertoast the Covert (level 12, -5/114 HPs)
             Began as a Naga Air Elementalist on Sept 19, 2022.
             Was a High Priest of Cheibriados.
             Slain by an orc warrior
             ... wielding a +0 battleaxe
              (16 damage)
             ... on level 2 of the Orcish Mines.
             The game lasted 01:16:47 (15194 turns).

Powertoast the Covert (Naga Air Elementalist)      Turns: 15194, Time: 01:16:48

Health: -5/114     AC: 12    Str: 27    XL:     12   Next: 67%
Magic:  23/24      EV: 12    Int: 33    God:    Cheibriados [*****.]
Gold:   903        SH:  0    Dex: 25    Spells: 9/27 levels left

rFire   . . .      SeeInvis +   b - +2 dagger (elec)
rCold   . . .      Faith    .   v - +0 buckler
rNeg    . . .      Spirit   .   L - +0 troll leather armour
rPois   +          Reflect  .   (no helmet)
rElec   .          Harm     .   V - +0 cloak
rCorr   .          Rampage  .   Q - +0 pair of gloves
Will    +....                   j - +0 barding
Stlth   ++........              H - amulet of magic regeneration
HPRegen 1.09/turn               h - +4 ring of evasion
MPRegen 0.59/turn               (no ring)

@: confused, very slow
A: AC +4, large, see invisible, deformed body, poison resistance, slowness 2,
spit poison 1, naga tail 1
a: Spit Poison, Renounce Religion, Bend Time, Temporal Distortion, Slouch, Step
From Time


You were on level 2 of the Orcish Mines.
You worshipped Cheibriados.
Cheibriados was extremely pleased with you.
You visited 4 branches of the dungeon, and saw 15 of its levels.

You collected 1171 gold pieces.
You spent 268 gold pieces at shops.

Inventory:

Hand Weapons
 a - a +3 dagger of venom
 b - a +2 dagger of electrocution (weapon)
 E - a +3 hand axe of freezing
 R - a +1 war axe of freezing
 U - a +4 scimitar of flaming
Armour
 j - a +0 barding (worn)
 v - a +0 buckler (worn)
 x - a +0 kite shield
 y - a +0 chain mail
 A - a +2 ring mail of fire resistance
 L - a +0 troll leather armour (worn)
 Q - a +0 pair of gloves (worn)
 V - a +0 cloak (worn)
Magical Staves
 O - a staff of fire
Jewellery
 h - a +4 ring of evasion (left hand)
 m - an amulet of guardian spirit
 H - an amulet of magic regeneration (around neck)
Wands
 z - a wand of paralysis (3)
 C - a wand of flame (13)
 P - a wand of acid (8)
Scrolls
 i - 5 scrolls of fog
 n - 4 scrolls of enchant weapon
 p - 2 scrolls of poison
 s - 3 scrolls of silence
 u - a scroll of amnesia
 B - 3 scrolls of immolation
 F - a scroll of torment {unknown}
 G - a scroll of teleportation {unknown}
 I - a scroll of brand weapon {unknown}
 K - 2 scrolls of fear
 M - 2 scrolls of enchant armour {unknown}
 T - a scroll of magic mapping
Potions
 c - 2 potions of heal wounds
 d - 3 potions of might
 e - 6 potions of attraction
 g - 2 potions of flight {unknown}
 k - 10 potions of curing
 l - 3 potions of mutation {unknown}
 o - 4 potions of degeneration {unknown}
 q - 4 potions of haste {unknown}
 r - 2 potions of brilliance {unknown}
 t - 4 potions of lignification
 w - 4 potions of berserk rage {unknown}
 D - 4 potions of magic
 J - a potion of resistance {unknown}
 N - 2 potions of cancellation {unknown}


   Skills:
 - Level 9.0 Fighting
 - Level 1.5 Dodging
 - Level 10.0 Stealth
 - Level 8.0 Spellcasting
 - Level 9.0 Conjurations
 - Level 2.0 Hexes
 - Level 5.0 Translocations
 - Level 9.0 Air Magic
 + Level 8.7 Invocations


You had 9 spell levels left.
You knew the following spells:

 Your Spells              Type           Power      Damage    Failure   Level
a - Shock                 Conj/Air       100%       1d9       1%          1
b - Static Discharge      Conj/Air       64%        3-11/arc  1%          2
c - Searing Ray           Conj           100%       2d8       1%          2
d - Iskenderun's Mystic   Conj/Tloc      56%        2d12      2%          4
e - Dazzling Flash        Conj/Hex       98%        N/A       1%          3
f - Blink                 Tloc           92%        N/A       1%          2
g - Airstrike             Air            32%        2d(5-21)  1%          4

Your spell library contained the following spells:

 Spells                   Type           Power      Damage    Failure   Level
 Magic Dart               Conj           100%       1d8       1%          1
 Lesser Beckoning         Tloc           46%        N/A       1%          3
 Swiftness                Air            64%        N/A       1%          3
 Iskenderun's Battlesphe  Conj           64%        2d11      3%          5
 Fulminant Prism          Conj/Hex       24%        3d13      5%          4
 Hailstorm                Conj/Ice       42%        3d10      8%          4
 Manifold Assault         Tloc           46%        N/A       19%         5
 Conjure Ball Lightning   Conj/Air       32%        3x3d10    19%         6
 Fireball                 Conj/Fire      21%        3d10      22%         5
 Ice Form                 Ice/Tmut       13%        N/A       45%         4
 Summon Forest            Summ/Tloc      14%        N/A       45%         5
 Orb of Destruction       Conj           32%        9d10      71%         7
 Starburst                Conj/Fire      21%        6d7       77%         6
 Eringya's Noxious Bog    Tmut/Pois      6%         N/A       100%        6
 Simulacrum               Ice/Necr       6%         N/A       100%        6
 Summon Hydra             Summ           6%         N/A       100%        7
 Discord                  Hex            13%        N/A       100%        8
 Disjunction              Tloc           23%        N/A       100%        8


Dungeon Overview and Level Annotations

Branches:
Dungeon (11/15)            Temple (1/1) D:6            Lair (1/5) D:8
    Orc (2/2) D:11
    Elf: Orc:2

Altars:
Ashenzari
Cheibriados
Dithmenos
Elyvilon
Fedhas
Gozag
Hepliaklqana
Kikubaaqudgha
Makhleb
Nemelex Xobeh
Okawaru
Qazlal
Ru
Sif Muna
Trog
Uskayaw
Vehumet
Wu Jian
Xom
Yredelemnul
Zin
The Shining One

Shops:
D:6 !   D:10 *

Annotations:
D:4 1 transporter, Braxton's ghost, amateur MiFi
D:10 1 runed translucent door, groovy9's ghost, journeyman FoHu
D:11 2 transporters, exclusion: hydra
Lair:1 exclusion: death yak


Innate Abilities, Weirdness & Mutations

Your serpentine skin is tough. (AC +4)
You have supernaturally acute eyesight. (SInv)
Armour fits poorly on your strangely shaped body.
Your system is resistant to poisons. (rPois)
You cover ground very slowly.
You can spit poison.
You have a snake-like lower body.


Message History

You kill the orc priest!
Cheibriados thoroughly appreciates the change of pace.
The orc wizard is struck by an arc of lightning!
The orc wizard is severely wounded.
The warg is struck by an arc of lightning!
The warg is almost dead.
You are struck by an arc of lightning.
The orc warrior is struck by an arc of lightning.
The orc warrior is severely wounded.
The lightning grounds out.
The orc knight is struck by an arc of lightning!
The orc knight is moderately wounded.
You are struck by an arc of lightning.
The lightning grounds out.
The warg bites you.
The orc wizard points at you and mumbles some strange words.
You are confused.
The orc knight roars a battlecry!
The orc warrior goes into a battle-frenzy!
The warg bites you but does no damage. The orc warrior closely misses you.
You're too confused to cast spells.
You're too confused to move!
The warg bites you but does no damage.
An orc priest comes into view. It is wielding a +0 club.
The orc warrior hits you with a +0 battleaxe!!
Unknown command.
Unknown command.
Unknown command.
You're too confused to cast spells.
You hit the warg.
You kill the warg!
Cheibriados thoroughly appreciates the change of pace.
The orc knight hits you with a +0 long sword!!
* * * LOW HITPOINT WARNING * * *
The orc warrior closely misses you.
You hear a shout!
You feel much better.
You hear a shout! x3
The orc knight hits you with a +0 long sword!!
* * * LOW HITPOINT WARNING * * *
The orc warrior hits you with a +0 battleaxe!
You die...

...............
...............
...............
...............
...............
.........o.....
.....^)o[......
......o@.......
......o.o......
....o..........
..[o#..####....
... ### ... .o
.. . .


You could see an orc knight, 4 orc warriors, an orc priest, an orc wizard
(strong) and an orc (strong).

Vanquished Creatures
  Erolcha (D:10)
  Erica (D:8)
  2 two-headed ogres
  A death yak (Lair:1)
  Sonja (Orc:1)
  An orc knight (D:11)
  2 orc sorcerers
  A cyclops (D:11)
  A cane toad (Lair:1)
  An unseen horror (D:5)
  A komodo dragon (Lair:1)
  5 trolls
  5 shadows
  2 wraiths (D:11)
  2 vampires
  3 wyverns
  20 yaks
  Eustachio (D:6)
  A steam dragon (D:9)
  5 wargs
  3 water moccasins
  10 orc warriors
  A sky beast (D:6)
  A black bear (D:5)
  An ice beast (D:6)
  4 ogres
  6 wolves (Lair:1)
  6 centaurs
  4 kobold brigands
  6 bullfrogs
  A gnoll sergeant (D:10)
  2 scorpions (D:5)
  A necrophage (D:5)
  21 wights
  10 killer bees
  An electric eel (D:7)
  2 howler monkeys (D:7)
  3 hounds
  3 jellies
  9 orc priests
  2 gnoll boudas
  4 iguanas
  19 orc wizards
  13 gnolls
  10 adders
  A shadow imp (D:5)
  3 white imps
  2 ufetubi
  A worm (D:2)
  6 dart slugs
  56 orcs
  7 bats
  5 endoplasms
  5 giant cockroaches
  A goblin (D:4)
  6 hobgoblins
  4 jackals (D:2)
  3 quokkas
  8 ball pythons
  27 kobolds
  15 rats
350 creatures vanquished.

Vanquished Creatures (others)
  An orc warrior (Orc:2)
  A fungus (Lair:1)
  A plant (Lair:1)
3 creatures vanquished.

Grand Total: 353 creatures vanquished

Notes
Turn   | Place    | Note
-------+----------+-------------------------------------------
     0 | D:1      | Powertoast the Naga Air Elementalist began the quest for
                  | the Orb.
     0 | D:1      | Reached XP level 1. HP: 15/15 MP: 3/3
   267 | D:1      | Reached XP level 2. HP: 22/22 MP: 5/5
   651 | D:1      | Reached XP level 3. HP: 20/28 MP: 7/7
   992 | D:2      | Found a faded altar of an unknown god.
  1228 | D:2      | Learned a level 2 spell: Static Discharge
  1324 | D:2      | Reached XP level 4. HP: 33/36 MP: 1/8
  2266 | D:3      | Found a burning altar of Makhleb.
  2529 | D:3      | Reached XP level 5. HP: 40/42 MP: 6/9
  2993 | D:4      | Found a bloodstained altar of Trog.
  3162 | D:4      | Noticed Braxton's ghost (amateur MiFi)
  3163 | D:4      | Found a transporter.
  3164 | D:4      | Noticed an ogre
  3582 | D:4      | Found Zin's Purification Station.
  3590 | D:4      | Reached skill level 5 in Air Magic
  3637 | D:4      | Found a glowing silver altar of Zin.
  3640 | D:4      | Bought 2 potions of curing for 180 gold pieces
  3890 | D:5      | Entered Level 5 of the Dungeon
  3910 | D:5      | Reached XP level 6. HP: 36/49 MP: 3/10
  4351 | D:5      | Learned a level 2 spell: Searing Ray
  4355 | D:5      | Learned a level 3 spell: Swiftness
  4570 | D:5      | Reached XP level 7. HP: 23/55 MP: 4/13
  4845 | D:5      | Noticed an unseen horror
  4853 | D:5      | Killed an unseen horror
  4854 | D:5      | Reached skill level 5 in Conjurations
  4854 | D:5      | Reached skill level 5 in Spellcasting
  4930 | D:5      | Reached XP level 8. HP: 46/62 MP: 9/15
  6291 | D:6      | Reached XP level 9. HP: 61/68 MP: 12/17
  6424 | D:6      | Reached skill level 4 in Stealth
  6426 | D:6      | Reached skill level 5 in Stealth
  6778 | D:6      | Reached skill level 6 in Stealth
  7247 | D:6      | Noticed Eustachio
  7331 | D:6      | Found Kaumowk's Distillery.
  7341 | D:6      | Bought a potion of heal wounds for 55 gold pieces
  7341 | D:6      | Bought a potion of curing for 33 gold pieces
  7452 | D:6      | Found a staircase to the Ecumenical Temple.
  7461 | Temple   | Entered the Ecumenical Temple
  7612 | Temple   | Became a worshipper of Cheibriados the Contemplative
  8588 | D:7      | Reached skill level 1 in Fighting
  8591 | D:7      | Reached * piety under Cheibriados
  8879 | D:7      | Reached XP level 10. HP: 70/87 MP: 16/19
  8896 | D:7      | Reached skill level 5 in Fighting
  9034 | D:7      | Found an opulent altar of Gozag.
  9141 | D:7      | Found a shimmering altar of Xom.
  9164 | D:7      | Reached ** piety under Cheibriados
  9889 | D:8      | Noticed Erica
 10141 | D:8      | Found a staircase to the Lair.
 10694 | D:9      | Reached *** piety under Cheibriados
 10806 | D:9      | Learned a level 3 spell: Dazzling Flash
 10809 | D:9      | Learned a level 2 spell: Blink
 10941 | D:9      | Found a white marble altar of Elyvilon.
 11179 | D:9      | Found a blossoming altar of Fedhas.
 11207 | D:9      | Reached skill level 1 in Hexes
 11207 | D:9      | Reached skill level 1 in Translocations
 11306 | D:9      | Reached XP level 11. HP: 89/103 MP: 16/20
 11545 | D:9      | Reached **** piety under Cheibriados
 11804 | D:10     | Entered Level 10 of the Dungeon
 11814 | D:10     | Noticed Erolcha
 11892 | Lair:1   | Entered Level 1 of the Lair of Beasts
 12029 | Lair:1   | Learned a level 4 spell: Iskenderun's Mystic Blast
 12054 | Lair:1   | Noticed a death yak
 12275 | Lair:1   | Reached skill level 7 in Stealth
 12277 | Lair:1   | Reached skill level 8 in Stealth
 12666 | Lair:1   | Reached skill level 9 in Stealth
 12912 | Lair:1   | Noticed a death yak
 12912 | Lair:1   | Noticed a death yak
 12913 | Lair:1   | Noticed a death yak
 12922 | Lair:1   | Killed a death yak
 12923 | Lair:1   | Reached skill level 10 in Stealth
 13012 | D:8      | Killed Erica
 13106 | D:6      | Killed Eustachio
 13106 | D:6      | Reached ***** piety under Cheibriados
 13377 | D:10     | Noticed a two-headed ogre
 13388 | D:10     | Killed a two-headed ogre
 13510 | D:10     | Noticed groovy9's ghost (journeyman FoHu)
 13514 | D:10     | Found a runed translucent door.
 13570 | D:10     | Found Xual's Sacrilege Store.
 13839 | D:10     | Killed Erolcha
 13840 | D:10     | Reached skill level 5 in Translocations
 13840 | D:10     | Reached XP level 12. HP: 98/114 MP: 20/24
 14049 | D:11     | Reached skill level 1 in Invocations
 14105 | D:11     | Noticed a two-headed ogre
 14115 | D:11     | Killed a two-headed ogre
 14203 | D:11     | Noticed a six-headed hydra
 14375 | D:11     | Found a staircase to the Orcish Mines.
 14385 | D:11     | Reached skill level 5 in Invocations
 14630 | D:11     | Found a transporter.
 14662 | D:11     | Found a transporter.
 14674 | D:11     | Found a transporter.
 14698 | D:11     | Found a transporter.
 14746 | Orc:1    | Entered Level 1 of the Orcish Mines
 14965 | Orc:1    | Noticed Sonja
 14967 | Orc:1    | Killed Sonja
 15050 | Orc:1    | Learned a level 4 spell: Airstrike
 15065 | Orc:2    | Entered Level 2 of the Orcish Mines
 15115 | Orc:2    | Paralysed by an orc sorcerer for 5 turns
 15122 | Orc:1    | Reached ****** piety under Cheibriados
 15194 | Orc:2    | Slain by an orc warrior

Illustrated notes

Levels and vault maps discovered:
D:1:      grunt_arrival_lava_bath, layout_rooms, minmay_rat_gold_closets
D:2:      minmay_inner_zag, layout_basic, shapermc_ecumenical_altar_petra,
          minmay_pentomino_w4
D:3:      layout_basic, mainiacjoe_overflow_cross_hatched,
          minmay_stone_trees_small
D:4:      wander_river, layout_basic, zin_purify, bloody_trog,
          gammafunk_ghost_smash
D:5:      cheibrodos_fzero, layout_loops_ring, nicolae_elevator_lobby_plus
D:6:      layout_basic, minmay_temple_entry_drinking_statues, serial_shops,
          shop, uniq_eustachio
D:7:      layout_gridville, nicolae_overflow_squiral
D:8:      layout_basic, lair_entry_dummy, grunt_decor_fettered, uniq_erica
D:9:      layout_irregular_city, elyvilon_altar_1, lemuel_doored_altar
D:10:     layout_loops_ring, hellmonk_ghost_happy_afterlife, nicolae_evil_shop,
          uniq_erolcha
D:11:     layout_big_octagon, minmay_orc_entry_guard_dogs,
          nicolae_transporter_intersection
Temple:   bh_familiar_temple
Lair:1:   layout_hall_layers
Orc:1:    layout_caves, uniq_sonja
Orc:2:    grunt_orc_cross, layout_caves, nicolae_orc_rockfall

Skill      XL: |  1  2  3  4  5  6  7  8  9 10 11 12 |
---------------+-------------------------------------+-----
Spellcasting   | 3 4 5 6 8 |  8.0
Conjurations   | 2 3 4 5 7 8 9 |  9.0
Air Magic      | 5 7 8 9 |  9.0
Stealth        | 6 10 | 10.0
Fighting       | 4 8 9 |  9.0
Hexes          | 1 2 |  2.0
Translocations | 1 5 |  5.0
Invocations    | 8 |  8.7
Dodging        | |  1.5

Action                   |  1- 3 |  4- 6 |  7- 9 | 10-12 || total
-------------------------+-------+-------+-------+-------++-------
Melee: Unarmed           |     5 |       |       |       ||     5
       Short sword       |    42 |    22 |     3 |       ||    67
       Dagger            |       |       |     9 |    72 ||    81
 Cast: Shock             |    17 |     9 |       |       ||    26
       Static Discharge  |     2 |    29 |    57 |   136 ||   224
       Searing Ray       |       |     1 |    28 |    28 ||    57
       Dazzling Flash    |       |       |       |     7 ||     7
       Iskenderun's Myst |       |       |       |     8 ||     8
       Airstrike         |       |       |       |     7 ||     7
Invok: Slouch            |       |       |       |     1 ||     1
 Abil: Spit Poison       |    35 |    62 |    61 |    65 ||   223
  Use: Scroll            |       |     4 |       |    12 ||    16
       Potion            |       |       |       |     5 ||     5
 Stab: Sleeping          |     6 |       |       |     3 ||     9
Armor: Robe              |    15 |    14 |       |       ||    29
       Ring mail         |       |    12 |     4 |    12 ||    28
       Skin              |       |     1 |    20 |       ||    21
       Troll leather arm |       |       |       |    83 ||    83
Dodge: Dodged            |    49 |    47 |    45 |   164 ||   305
Block: Buckler           |       |     7 |    11 |    52 ||    70
